 Dungeon Crawl Stone Soup version 0.30.0-10-gfe55d96785 (webtiles) character file.

Game seed: 11910422642387954432

95 ProzacElf the Magician (level 4, 0/35 HPs)
             Began as an Armataur Hedge Wizard on May 13, 2023.
             Slain by a goblin
             ... wielding a +0 club
             ... led by Robin
              (4 damage)
             ... on level 1 of the Dungeon.
             The game lasted 00:10:08 (2481 turns).

ProzacElf the Magician (Armataur Hedge Wizard)      Turns: 2481, Time: 00:10:09

Health: 0/35       AC:  4    Str: 15    XL:     4   Next: 40%
Magic:  8/8        EV:  9    Int: 17    God:
Gold:   112        SH:  0    Dex:  9    Spells: 4/9 levels left

rFire   . . .        a - +2 spear (flame)
rCold   . . .        (no shield)
rNeg    . . .        e - +0 leather armour
rPois   .            c - +0 hat
rElec   .            (no cloak)
rCorr   .            (no gloves)
SInv    .            (no barding)
Will    .....        (no amulet)
Stlth   +            (no ring)
HPRegen 0.25/turn    (no ring)
MPRegen 0.11/turn

%: roll
@: no status effects
A: large, rugged brown scales 3, deformed body, armoured tail, roll, long
tongue, awkward tongue
a: no special abilities


You were on level 1 of the Dungeon.
You visited 1 branch of the dungeon, and saw 2 of its levels.

You collected 112 gold pieces.

Inventory:

Hand Weapons
 a - a +2 spear of flaming (weapon)
 b - a +0 sling
 h - a +0 dagger
 s - a +1 dagger of holy wrath
 v - a +0 spear
Missiles
 k - 3 poisoned darts (quivered)
Armour
 c - a +0 hat (worn)
 e - a +0 leather armour (worn)
 g - a +0 robe
 l - a +0 ring mail
Magical Staves
 w - a staff of poison
Scrolls
 f - a scroll of immolation {unknown}
 i - a scroll of identify {unknown}
 m - a scroll of noise {unknown}
 o - a scroll of fear {unknown}
 p - a scroll of blinking {unknown}
 q - 2 scrolls of magic mapping {unknown}
 r - a scroll of amnesia {unknown}
 t - a scroll of teleportation {unknown}
Potions
 d - a potion of magic
 j - a potion of attraction {unknown}
 n - a potion of mutation {unknown}
 u - a potion of curing


   Skills:
 + Level 1.8 Dodging
 - Level 2.1 Stealth
 - Level 3.0 Spellcasting
 - Level 2.0 Conjurations
 - Level 2.0 Summonings
 - Level 2.0 Translocations


You had 4 spell levels left.
You knew the following spells:

 Your Spells              Type           Power      Damage    Failure   Level
a - Magic Dart            Conj           36%        1d4       10%         1
b - Call Imp              Summ           18%        N/A       14%         2
o - Blink                 Tloc           18%        N/A       14%         2

Your spell library contained the following spells:

 Spells                   Type           Power      Damage    Failure   Level
 Shock                    Conj/Air       20%        1d4       14%         1
 Slow                     Hex            8%         N/A       22%         1
 Cigotuvi's Dreadful Rot  Necr/Pois/Air  4%         N/A       32%         2
 Mephitic Cloud           Conj/Pois/Air  4%         N/A       45%         3
 Swiftness                Air            2%         N/A       54%         3
 Airstrike                Air            1%         2d(1-17)  91%         4


Dungeon Overview and Level Annotations

Branches:
Dungeon (2/15)

Altars:

Annotations:
D:2 Robin


Innate Abilities, Weirdness & Mutations

You are completely covered in rugged brown scales. (AC +3, +7% HP)
Armour fits poorly on your strangely shaped body.
You have a long armoured tail.
You roll when moving toward enemies. (Rampage)
Your long tongue fully drains potion bottles. (2x potion effects)
Your tongue gives you trouble enunciating. (1.5x scroll delay)


Message History

Tha goblin hits ye wit' a +0 dagger.
* * * LOW HITPOINT WARNIN'
* * * Ye take 4 damage, an' haf 3/35 hp.
Castin': Magic Dart (safe; 10% risk o' failure) Confirm wit' . or Enter, or press ? or * ta list all spells.
Ye blink.
Ye now haf 6/8 mp.
Tha goblin barely misses ye.
Ye feel st'ble enough ta blink again.
Robin says, "Bow 'fore me, strongest o' all tha hobgoblins!"
Robin drinks a potion.
Robin be healed!
Tha goblin nay longer looks unusu'lly strong.
Robin throws tha goblin at ye!
* * * LOW HITPOINT WARNIN'
* * * Tha goblin hits ye wit' a +0 club.
* * * LOW HITPOINT WARNIN'
* * * Ye take 5 damage, an' haf 1/35 hp.
Tha goblin nay longer looks unusu'lly strong.
Thin's tha be 'ere: a +0 rin' mail; a +0 flail Tha goblin attacks as ye move away!
Tha goblin barely misses ye.
Tha goblin nay longer looks unusu'lly strong.
Tha goblin attacks as ye move away!
Tha goblin hits ye but does nay damage.
Ye see 'ere a +0 mace.
MP restored: 8 Tha goblin attacks as ye move away!
Tha goblin barely misses ye.
Tha goblin attacks as ye move away!
Tha goblin barely misses ye.
Tha goblin attacks as ye move away!
Tha goblin closely misses ye.
Tha goblin attacks as ye move away!
Tha goblin hits ye but does nay damage.
Tha goblin attacks as ye move away!
Tha goblin hits ye but does nay damage.
Tha goblin attacks as ye move away!
Tha goblin hits ye wit' a +0 club.
* * * LOW HITPOINT WARNIN'
* * * Ye take 3 damage, an' haf 3/35 hp.
Tha goblin attacks as ye move away!
Tha goblin hits ye but does nay damage.
Thar be a stone staircase leadin' up 'ere.
Robin's horn'd helmet rattles.
Ye climb upwards.
Thar be a stone staircase leadin' down 'ere.
Tha goblin attacks as ye move away!
Tha goblin hits ye wit' a +0 club.
Ye die...

.# #.....)....# #........... .#
####...###.## #.###.#####.
.#####......# #..# #.....# #.
.#..........####.########### #.
.#.###.######.......#### #.
.#.###.###.............## #.
)#.##..##...............## #.
.#.....#.......g⌠........# #####.
.#.##..#.......⌠@⌠.......# #.....
....##.#........⌠........# #.####
.......#.................###.####
#.[.#..##...............##.......
##.###.###.............#####.####
##.###.######.......##### #.#
##...>###...####.####...####.###
#######.......##'##.......##...##
# #.........#.#.........##....


You could see a goblin.

Vanquished Creatures
  2 gnolls (D:2)
  An adder (D:2)
  A dart slug (D:2)
  2 ball pythons (D:1)
  10 bats
  A giant cockroach (D:2)
  6 hobgoblins
  4 jackals (D:2)
  2 frilled lizards (D:1)
  4 goblins
  7 kobolds
  7 rats
47 creatures vanquished.

Vanquished Creatures (collateral kills)
  An adder (D:2)
  A gnoll (D:2)
2 creatures vanquished.

Grand Total: 49 creatures vanquished

Notes
Turn   | Place    | Note
-------+----------+-------------------------------------------
     0 | D:1      | ProzacElf the Armataur Hedge Wizard began the quest for the
                  | Orb.
     0 | D:1      | Reached XP level 1. HP: 14/14 MP: 4/4
   109 | D:1      | Reached skill level 1 in Conjurations
   153 | D:1      | Reached skill level 1 in Summonings
   340 | D:1      | Reached XP level 2. HP: 17/21 MP: 2/5
   372 | D:1      | Learned a level 2 spell: Call Imp
   375 | D:1      | Learned a level 2 spell: Blink
   714 | D:1      | Reached skill level 3 in Spellcasting
  1382 | D:2      | Reached XP level 3. HP: 25/27 MP: 7/7
  2015 | D:2      | Reached XP level 4. HP: 35/35 MP: 5/8
  2427 | D:2      | Noticed Robin
  2457 | D:2      | HP: 1/35 [goblin/+0 club[Robin] (4)]
  2481 | D:1      | Slain by a goblin

Illustrated notes

Levels and vault maps discovered:
D:1:      dpeg_arrival_three_bigger_balls, layout_loops_ring
D:2:      layout_loops_ring, uniq_robin, uniq_crazy_yiuf_cottage

Skill      XL: |  1  2  3  4 |
---------------+-------------+-----
Conjurations   | 1 2 |  2.0
Summonings     | 1 2 |  2.0
Spellcasting   | 3 |  3.0
Translocations | 2 |  2.0
Dodging        | |  1.8
Stealth        | |  2.1

Action                     |  1- 3 |  4- 6 || total
---------------------------+-------+-------++-------
  Melee: Spear             |    94 |    26 ||   120
         Tailslap          |     4 |     2 ||     6
         Punch             |     1 |       ||     1
   Fire: Sling             |     2 |       ||     2
   Cast: Magic Dart        |    49 |     6 ||    55
         Call Imp          |     5 |     4 ||     9
         Blink             |       |     1 ||     1
   Stab: Sleeping          |     1 |     1 ||     2
         Distracted        |     1 |       ||     1
 Armour: Leather armour    |    30 |    13 ||    43
  Dodge: Dodged            |    42 |    18 ||    60

Action                     |  1- 3 |  4- 6 || total
---------------------------+-------+-------++-------
  Melee: Spear             |    94 |    26 ||   120
         Tailslap          |     4 |     2 ||     6
         Punch             |     1 |       ||     1
   Fire: Sling             |     2 |       ||     2
   Cast: Magic Dart        |    49 |     6 ||    55
         Call Imp          |     5 |     4 ||     9
         Blink             |       |     1 ||     1
   Stab: Sleeping          |     1 |     1 ||     2
         Distracted        |     1 |       ||     1
 Armour: Leather armour    |    30 |    13 ||    43
  Dodge: Dodged            |    42 |    18 ||    60

Levels and vault maps discovered:
D:1:      dpeg_arrival_three_bigger_balls, layout_loops_ring
D:2:      layout_loops_ring, uniq_robin, uniq_crazy_yiuf_cottage
